 Dungeon Crawl Stone Soup version 0.26-a0-30-g56b8cd3df0 (webtiles) character file.

Game seed: 9219691763255954131, levelgen mode: deterministic

700777 vurker the Sorcerer (level 27, -33/285 HPs)
             Began as a Naga Venom Mage on May 31, 2020.
             Was the Champion of Vehumet.
             Annihilated by an Orb Guardian (63 damage)
             ... on level 5 of the Realm of Zot.
             The game lasted 03:04:44 (92520 turns).

vurker the Sorcerer (Naga Venom Mage)              Turns: 92520, Time: 03:04:44

Health: -33/285    AC:  0    Str: 15    XL:     27
Magic:  0/52       EV: 21    Int: 30    God:    Vehumet [******]
Gold:   7154       SH:  0    Dex: 12    Spells: 53/77 levels left

rFire    . . .     SeeInvis +   (weapon currently unavailable)
rCold    . . .     Gourm    .   (shield currently unavailable)
rNeg     . . .     Faith    .   (armour currently unavailable)
rPois    .         Spirit   .   (helmet currently unavailable)
rElec    .         Reflect  .   (cloak currently unavailable)
rCorr    .         Harm     .   (gloves currently unavailable)
MR       ++++.     Clarity  +   (no barding)
Stlth    ++++++++..             l - amulet "Owuxodar" {MR+ Regen+ Int+4 Stlth+}
HPRegen  0.97/turn              (ring currently unavailable)
MPRegen  0.33/turn              (ring currently unavailable)

@: lethally poisoned (-33 -> -38), pig-form, marked, very quick
A: small, thin skeletal structure 1, see invisible, clarity, clumsy 1, slow
metabolism 1, spit poison 1, strong 1, MP-powered wands, AC +9
}: 4/15 runes: serpentine, barnacled, slimy, silver
a: Spit Poison, Renounce Religion


You were on level 5 of the Realm of Zot.
You worshipped Vehumet.
Vehumet was exalted by your worship.
You were not hungry.
You were a filthy swine.
You visited 11 branches of the dungeon, and saw 55 of its levels.
You also visited: Volcano.

You collected 9672 gold pieces.
You spent 2518 gold pieces at shops.

Inventory:

Hand Weapons
 p - a +0 short sword of draining
   (You took it off Sonja on level 11 of the Dungeon)
Missiles
 F - 13 throwing nets (quivered)
Armour
 m - the +0 kite shield of Forking Paths (melded) {+Blink rC++ Int+4}
   (You acquired it on level 2 of the Orcish Mines)

   It affects your intelligence (+4).
   It greatly protects you from cold.
   It lets you blink.
 t - the +6 lightning scales (melded) {run, rElec}
   (You acquired it on level 2 of the Orcish Mines)

   It insulates you from electricity.
 E - a +2 robe of positive energy (melded)
   (You took it off a wizard on level 2 of the Depths)
 G - a +2 helmet (melded)
   (You found it on level 10 of the Dungeon)
 O - a +1 cloak of poison resistance
   (You took it off a draconian knight on level 2 of the Realm of Zot)
 Q - a +2 pair of gloves of strength (melded)
   (You found it on level 1 of the Vaults)
 U - a +1 kite shield of reflection
   (You took it off a draconian knight on level 4 of the Realm of Zot)
 V - a +2 cloak of magic resistance (melded)
   (You found it on level 3 of the Depths)
Magical Staves
 a - an uncursed staff of energy
   (You acquired it on level 2 of the Elven Halls)
 b - an uncursed staff of cold (melded)
   (You found it on level 11 of the Dungeon)
Jewellery
 f - a ring of magical power (melded)
   (You found it on level 2 of the Shoals)
 l - the amulet "Owuxodar" (around neck) {MR+ Regen+ Int+4 Stlth+}
   (You acquired it on level 2 of the Orcish Mines)

   [amulet of regeneration]

   It affects your intelligence (+4).
   It affects your resistance to hostile enchantments.
   It increases your rate of regeneration.
   It makes you more stealthy.
 R - an uncursed ring of protection from magic
   (You found it on level 2 of the Realm of Zot)
 T - the ring of the Equinox (melded) {rF+++ rC+ rCorr Str-4 Dex-5}
   (You took it off a vault sentinel on level 5 of the Vaults)

   [ring of resist corrosion]

   It affects your strength (-4).
   It affects your dexterity (-5).
   It renders you almost immune to fire.
   It protects you from cold.
   It provides partial protection from all sources of acid and corrosion.
 W - an uncursed ring of positive energy
   (You found it on level 6 of the Lair of Beasts)
Wands
 d - a wand of iceblast (30)
   (You found it on level 6 of the Dungeon)
 u - a wand of paralysis (40)
   (You took it off an orc on level 9 of the Dungeon)
 v - a wand of digging (13)
   (You found it on level 3 of the Lair of Beasts)
 x - a wand of acid (19)
   (You found it on level 6 of the Lair of Beasts)
 K - a wand of clouds (21)
   (You took it off an orc on level 11 of the Dungeon)
Scrolls
 c - 14 scrolls of fear
 i - 16 scrolls of identify
 k - 12 scrolls of fog
 o - 22 scrolls of teleportation
 q - a scroll of summoning
 r - 3 scrolls of silence
 z - 5 scrolls of magic mapping
 B - 4 scrolls of amnesia
 J - 7 scrolls of vulnerability
 L - 4 scrolls of enchant armour
 M - 26 scrolls of remove curse
 S - 5 scrolls of immolation
Potions
 g - 7 potions of haste
 h - 17 potions of heal wounds
 j - 2 potions of resistance
 n - 28 potions of curing
 s - 8 potions of lignification
 w - 3 potions of mutation
 A - 6 potions of brilliance
 C - 6 potions of ambrosia
 H - 4 potions of invisibility
 I - 7 potions of flight
 N - 3 potions of magic
 P - 5 potions of cancellation
Comestibles
 e - 97 rations


   Skills:
 * Level 24.1 Fighting
 + Level 6.4 Armour
 + Level 11.7 Dodging
 + Level 18.2 Stealth
 - Level 10.5 Shields
 * Level 25.5 Spellcasting
 - Level 13.0 Conjurations
   Level 1.0 Transmutations
   Level 2.0 Fire Magic
 - Level 22.0 Ice Magic
   Level 2.0 Air Magic
   Level 10.0 Poison Magic


You had 53 spell levels left.
You knew the following spells:

 Your Spells              Type           Power        Failure   Level  Hunger
a - Ozocubu's Refrigerat  Ice            ########..   0%          6    None
b - Orb of Destruction    Conj           #######...   1%          7    None
e - Sublimation of Blood  Necr           #####.....   1%          2    None
f - Absolute Zero         Ice            ########..   2%          9    #####..

Your spell library contained the following spells:

 Spells                   Type           Power        Failure   Level  Hunger
 Lehudib's Crystal Spear  Conj/Erth      ######....   58%         8    ###....
 Ignition                 Fire           ######....   99%         8    ###....
 Freeze                   Ice            ####         0%          1    None
 Ensorcelled Hibernation  Hex/Ice        ######       0%          2    None
 Searing Ray              Conj           ######       0%          2    None
 Frozen Ramparts          Ice            ######       0%          3    None
 Hailstorm                Conj/Ice       #######.     0%          4    None
 Animate Skeleton         Necr           N/A          1%          1    None
 Apportation              Tloc           #####.       1%          1    None
 Beastly Appendage        Tmut           #####.       1%          1    None
 Corona                   Hex            #####..      1%          1    None
 Foxfire                  Conj/Fire      ####         1%          1    None
 Infusion                 Chrm           ####         1%          1    None
 Pain                     Necr           ####         1%          1    None
 Sandblast                Erth           #####.       1%          1    None
 Sting                    Tmut/Pois      ####         1%          1    None
 Summon Butterflies       Summ           #####...     1%          1    None
 Summon Small Mammal      Summ           ####         1%          1    None
 Call Imp                 Summ           #####...     1%          2    None
 Corpse Rot               Necr/Air       N/A          1%          2    None
 Passwall                 Tmut/Erth      #####...     1%          2    None
 Poisonous Vapours        Pois/Air       ######       1%          2    None
 Shroud of Golubria       Chrm/Tloc      #####.       1%          2    None
 Song of Slaying          Chrm           #####...     1%          2    None
 Sticks to Snakes         Tmut           #####...     1%          2    None
 Swiftness                Chrm/Air       #####...     1%          2    None
 Conjure Flame            Conj/Fire      ######..     1%          3    None
 Dazzling Flash           Conj/Hex       ######       1%          3    None
 Ignite Poison            Fire/Tmut/Pois ######..     1%          3    None
 Inner Flame              Hex/Fire       #####...     1%          3    None
 Mephitic Cloud           Conj/Pois/Air  ######..     1%          3    None
 Ozocubu's Armour         Chrm/Ice       #######.     1%          3    None
 Spider Form              Tmut/Pois      ######....   1%          3    None
 Stone Arrow              Conj/Erth      ######       1%          3    None
 Ice Form                 Ice/Tmut       #######.     1%          4    None
 Olgreb's Toxic Radiance  Pois           #######.     1%          4    None
 Sticky Flame             Conj/Fire      ######..     1%          4    None
 Summon Ice Beast         Ice/Summ       #######.     1%          4    None
 Alistair's Intoxication  Tmut/Pois      ######..     1%          5    None
 Bolt of Magma            Conj/Fire/Erth ######....   1%          5    None
 Fireball                 Conj/Fire      ######....   1%          5    None
 Irradiate                Conj/Tmut      ######....   1%          5    None
 Iskenderun's Battlesphe  Conj/Chrm      ######..     1%          5    None
 Metabolic Englaciation   Hex/Ice        #######...   1%          5    None
 Conjure Ball Lightning   Conj/Air       ######....   1%          6    None
 Freezing Cloud           Conj/Ice/Air   #######...   1%          6    None
 Simulacrum               Ice/Necr       #######...   1%          6    None
 Starburst                Conj/Fire      ######....   1%          6    None
 Call Canine Familiar     Summ           #####...     2%          3    None
 Confusing Touch          Hex            #####...     2%          3    None
 Gell's Gravitas          Tloc           #####.....   2%          3    None
 Lesser Beckoning         Tloc           #####.....   2%          3    None
 Portal Projectile        Hex/Tloc       #####.       2%          3    None
 Spectral Weapon          Hex/Chrm       #####...     2%          3    None
 Summon Guardian Golem    Hex/Summ       #####...     2%          3    None
 Tukima's Dance           Hex            #####...     2%          3    None
 Vampiric Draining        Necr           #####.....   2%          3    None
 Iron Shot                Conj/Erth      ######....   2%          6    None
 Summon Lightning Spire   Summ/Air       #####...     4%          4    None
 Lee's Rapid Deconstruct  Erth           #####.....   5%          5    None
 Petrify                  Tmut/Erth      #####...     6%          4    None
 Animate Dead             Necr           N/A          7%          4    None
 Cause Fear               Hex            #####.....   7%          4    None
 Dispel Undead            Necr           #####...     7%          4    None
 Spellforged Servitor     Conj/Summ      ######....   11%         7    None
 Eringya's Noxious Bog    Tmut/Pois      ######....   12%         6    None
 Blade Hands              Tmut           #####.....   13%         5    None
 Silence                  Hex/Air        #####.....   13%         5    None
 Excruciating Wounds      Chrm/Necr      #####.....   21%         5    None
 Hydra Form               Tmut           #####.....   58%         6    None
 Statue Form              Tmut/Erth      #####....    65%         6    None
 Dispersal                Tloc           #####.....   73%         6    None
 Invisibility             Hex            #####...     73%         6    None
 Dragon Form              Tmut           #####.....   99%         7    None
 Haunt                    Necr/Summ      #####.....   99%         7    None
 Ring of Flames           Chrm/Fire      #####.....   99%         7    None
 Borgnjor's Revivificati  Necr           #####.....   100%        8    ###....
 Controlled Blink         Tloc           N/A          100%        8    ###....
 Death's Door             Chrm/Necr      #####.....   100%        8    ###....
 Disjunction              Tloc           #####.....   100%        8    ###....
 Infestation              Necr           #####.....   100%        8    ###....
 Necromutation            Tmut/Necr      #####.....   100%        8    ###....
 Tornado                  Air            ######....   100%        9    #####..


Dungeon Overview and Level Annotations

Branches:
Dungeon (15/15)            Temple (1/1) D:7            Lair (6/6) D:9
 Shoals (4/4) Lair:4        Snake (4/4) Lair:3        Slime (5/5) Lair:6
    Orc (2/2) D:10            Elf (3/3) Orc:2        Vaults (5/5) D:14
  Crypt (0/3) Vaults:2     Depths (5/5) D:15            Zot (5/5) Depths:5
Volcano (visited)

Altars:
Ashenzari
Cheibriados
Dithmenos
Elyvilon
Fedhas
Gozag
Hepliaklqana
Kikubaaqudgha
Makhleb
Nemelex Xobeh
Okawaru
Qazlal
Ru
Sif Muna
Trog
Uskayaw
Vehumet
Wu Jian
Xom
Yredelemnul
Zin
The Shining One
Beogh
Jiyva

Shops:
D:4 !   D:9 !   D:10 }   D:11 *   D:12 =   D:15 :   Orc:2 *%:*   Elf:1 %([[
Shoals:2 (   Shoals:3 *?:=?   Snake:2 ?   Vaults:1 (   Vaults:3 }[!*=
Vaults:4 *   Vaults:5 ((   Depths:1 *!   Depths:4 (

Portals:
Hell: Depths:1 Depths:2 Depths:3 Depths:4 Depths:5
Abyss: Depths:1 Depths:4
Pandemonium: Depths:1 Depths:3
Ziggurat: Depths:2
Trove: Depths:1 (give 7 scrolls of blinking)

Annotations:
D:5 exclusion: oklob plant
D:14 3 runed translucent doors, Otoukem's ghost, journeyman MiBe
Lair:3 exclusion: 2 oklob plants
Lair:5 2 runed translucent doors, exclusion: 4 oklob plants, Guutt's ghost, journeyman DrGl
Shoals:2 3 runed translucent doors, Coegoone's ghost, adept TeBe
Snake:4 3 runed translucent doors, Bvern's ghost, adept DEWz
Elf:2 3 runed translucent doors
Depths:4 3 runed translucent doors, Dolesog's ghost, veteran MiBe
Zot:4 exclusion: 3 doors


Innate Abilities, Weirdness & Mutations

You cannot wear boots.
((Your serpentine skin is tough. (AC +9)))
You have supernaturally acute eyesight. (SInv)
((Armour fits poorly on your strangely shaped body.))
((Your system is resistant to poisons. (rPois)))
((You cover ground very slowly.))
You have a slow metabolism.
You can spit poison.
((You can use your snake-like lower body to constrict enemies.))
You have a somewhat thin skeletal structure. (Dex +2, Stealth)
You possess an exceptional clarity of mind.
You are clumsy. (Dex -2)
Your muscles are strong. (Str +2)
You expend magic power (3 MP) to strengthen your wands.


Message History

The ghost moth blinks!
The ancient lich blinks!
The orb of fire blinks!
The black draconian blinks!
The moth of wrath blinks!
The Orb Guardian blinks!
The white draconian blinks!
The Orb Guardian blinks!
The black draconian blinks!
The Orb Guardian blinks! x2; You blink.
The Killer Klown blinks!
The black draconian blinks! x2; You blink.
The Orb Guardian blinks!
The Orb Guardian drops a net on you. A large net falls onto you!
You become entangled in the net!
The black draconian blinks!
The moth of wrath goads the white draconian on!
The white draconian goes berserk!
You see here a throwing net.
You tear a large gash into the net.
The orb of fire glows bright magenta.
The fireball explodes!
The fireball engulfs you!!!!
* * * LOW HITPOINT WARNING * * *
The fireball engulfs the electric golem shaped block of ice!!!
The electric golem shaped block of ice melts!
The electric golem shaped block of ice is destroyed!
An Orb Guardian comes into view.
The black draconian misses you.
Okay, then.
Your blink will be uncontrolled - continue anyway?
The Orb prevents control of your translocation!
You blink.
As you read the scroll of blinking, it crumbles to dust. 2 Orb Guardians come into view.
The Orb Guardian drops a net on you. A large net falls onto you!
You become entangled in the net!
An Orb Guardian comes into view.
An Orb Guardian comes into view.
You feel much better.
Your surroundings suddenly seem different.
The ghost moth stares at you.
You feel your power leaking away.
The moth of wrath goads the Orb Guardian on!
The Orb Guardian goes berserk!
The Killer Klown tickles you with a +12 club of venom!!
* * * LOW HITPOINT WARNING * * *
You are poisoned.
The Orb Guardian closely misses you.
The white draconian rages.
The Orb Guardian hits you!!!
* * * LOW HITPOINT WARNING * * *
The Killer Klown blinks!
Unknown command.
Unknown command.
Okay, then.
You feel much better.
You feel sick. The Orb Guardian completely misses you.
The Orb Guardian hits you!!!
You die...

▓▓▓▓▓▓▓▓▓▓▓▓▓▓▓
▓▓▓▓.............▓▓**
▓▓▓..................,**
▓▓...§^..(............,,** *
▓.^...................,,,*
**▓...^.................,,,*
.▓▓..^..........$p......,,**
..▓§...^...XX...hX......,**
§XX...X%.....*y.yX....p.**
,,▓X.§....^.............,**
,*▓.§§.y§....d..........,,**
**▓...(.....d...........,,,*
* #..§....(§L...X.......,,,*
##....................,,**
##▓..§.8..)..8§......,**
▓▓▓▓8..(.....X.,,,,**


You could see an orb of fire, 2 Killer Klowns, an ancient lich, a black
draconian (berserk), a white draconian (berserk), 5 Orb Guardians, a ghost moth
(invisible) and a moth of wrath.

Vanquished Creatures
  the Royal Jelly (Slime:5)
  3 ancient liches
  2 orbs of fire
  A Killer Klown (Zot:5)
  2 caustic shrikes (Depths:2)
  Saint Roka (Vaults:5)
  A curse toe (Zot:5)
  Xtahua (Vaults:5)
  10 golden dragons
  3 liches
  2 electric golems
  17 tentacled monstrosities
  Rupert (D:12)
  Asterion (Elf:3)
  2 deep elf blademasters (Elf:3)
  8 Orb Guardians (Zot:5)
  7 titans
  13 sphinxes
  10 quicksilver dragons
  2 deep elf master archers (Elf:3)
  9 death cobs
  25 acid blobs
  Polyphemus (Shoals:2)
  10 tengu reavers
  12 shadow dragons
  5 storm dragons
  Kirke (Lair:5)
  Ilsuiw (Shoals:2)
  Donald (Shoals:2)
  A storm dragon (shapeshifter) (Vaults:5)
  7 nagarajas
  3 draconian monks
  8 deep elf sorcerers
  7 azure jellies (Slime:5)
  10 draconian knights
  9 fire giants
  26 vault wardens
  5 ghost moths
  3 draconian scorchers
  10 frost giants
  A ghost moth (shapeshifter) (Depths:4)
  Aizul (Snake:1)
  7 draconian shifters
  6 deep elf elementalists
  25 very ugly things
  27 ironheart preservers
  7 draconian annihilators
  3 draconian stormcallers
  22 stone giants
  A reaper (Depths:3)
  14 vampire knights
  10 yellow draconians
  9 deep elf demonologists
  10 white draconians
  14 red draconians
  9 green draconians
  16 black draconians
  7 spark wasps
  11 deep elf annihilators
  12 purple draconians
  14 ettins
  8 death oozes
  2 crystal guardians
  13 fire dragons
  4 merfolk javelineers
  4 deep elf high priests
  10 deep elf death magi
  2 merfolk impalers
  11 great orbs of eyes
  A fire dragon (shapeshifter) (Vaults:2)
  21 yaktaur captains
  2 jiangshi (Depths:4)
  7 rakshasas
  46 vault guards
  16 naga warriors
  18 ice dragons
  5 spriggan air magi
  2 merfolk avatars (Shoals:4)
  7 hydras
  6 catoblepae
  2 merfolk aquamancers
  An alligator snapping turtle (Shoals:4)
  20 centaur warriors
  A satyr (Shoals:2)
  4 death knights
  9 death yaks
  19 anacondas
  53 two-headed ogres
  19 dancing weapons
  21 ogre magi
  7 vampire magi
  14 deep troll shamans
  6 tengu warriors
  15 naga sharpshooters
  10 deep troll earth magi
  5 orc high priests
  10 spriggan berserkers
  2 spriggans (Depths:2)
  Sonja (D:11)
  16 shock serpents
  36 deep elf knights
  An iron troll (shapeshifter) (Vaults:5)
  5 iron trolls
  A skeletal warrior (Vaults:1)
  4 shadow wraiths
  17 hell knights
  A storm dragon skeleton (Depths:3)
  2 deep trolls (shapeshifter)
  5 unseen horrors
  A salamander mystic (Snake:2)
  A sixfirhy (Depths:3)
  41 deep trolls
  2 unseen horrors (shapeshifter)
  A death drake (shapeshifter) (Depths:5)
  6 wizards
  18 sea snakes
  A gelid demonspawn (Depths:3)
  6 flayed ghosts
  3 phantasmal warriors
  6 naga ritualists
  A tengu zombie (Vaults:3)
  25 deep elf archers
  A lindwurm (shapeshifter) (Depths:2)
  A swamp dragon (shapeshifter) (Depths:2)
  A sphinx zombie (Depths:1)
  2 wolf spider zombies
  4 orc sorcerers
  17 ironbrand convokers
  Pikel (D:4)
  9 glowing orange brains
  20 necromancers
  20 harpies
  14 orc knights
  7 mana vipers
  2 stone giant zombies
  2 sphinx skeletons (Vaults:4)
  11 cyclopes
  89 deep elf magi
  A mana viper (shapeshifter) (Depths:4)
  36 ugly things
  A wolf spider (shapeshifter) (Elf:1)
  A cyclops (shapeshifter) (Depths:1)
  A manticore (shapeshifter) (Depths:2)
  A faun (shapeshifter) (Vaults:5)
  23 manticores
  13 salamanders
  12 elephants
  5 shining eyes
  5 wolf spiders
  3 fauns (Shoals:1)
  A tengu skeleton (Depths:3)
  A salamander (shapeshifter) (Depths:2)
  2 human skeletons
  A stone giant skeleton (Vaults:4)
  10 guardian serpents
  A moth of wrath (shapeshifter) (Vaults:3)
  43 black mambas
  20 moths of wrath
  4 fire giant skeletons
  A rust devil (Depths:3)
  A water nymph (Shoals:4)
  6 merfolk sirens
  2 eyes of devastation (shapeshifter)
  17 vault sentinels
  A black mamba (shapeshifter) (Vaults:4)
  Maurice (Orc:2)
  An eye of devastation (Slime:5)
  19 spiny frogs
  A storm dragon simulacrum (Vaults:4)
  A yaktaur zombie (Vaults:3)
  Psyche (D:11)
  2 gargoyles
  8 naga magi
  5 spiny frogs (shapeshifter)
  A rime drake (Lair:3)
  3 elf zombies
  A komodo dragon (shapeshifter) (Depths:2)
  Maggie (D:7)
  6 freezing wraiths
  84 yaktaurs
  A yaktaur skeleton (Vaults:3)
  A merfolk (shapeshifter) (Depths:1)
  6 komodo dragons
  A queen bee (Lair:3)
  13 trolls
  8 tengu conjurers
  22 merfolk
  A jumping spider (shapeshifter) (Depths:2)
  2 polar bears
  A wind drake (shapeshifter) (Depths:3)
  2 tengu simulacra
  A meliai (shapeshifter) (Vaults:1)
  4 wind drakes
  A hornet (shapeshifter) (Depths:3)
  13 hippogriffs
  3 hornets
  A harpy skeleton (D:14)
  59 slime creatures
  12 dream sheep
  A hippogriff (shapeshifter) (Elf:2)
  15 blink frogs
  3 blink frogs (shapeshifter)
  9 snapping turtles
  A stone giant simulacrum (Depths:1)
  An air elemental (Elf:1)
  A fire giant simulacrum (Vaults:3)
  An ettin skeleton (Vaults:5)
  11 water elementals
  A frost giant simulacrum (Vaults:4)
  2 spriggan skeletons
  3 spriggans (shapeshifter)
  4 wraiths
  5 hogs (Lair:5)
  A vampire (D:10)
  44 yaks
  Sigmund (D:4)
  A hog (shapeshifter) (Depths:1)
  7 wyverns
  A ynoxinul (Depths:3)
  A shadow (D:12)
  Eustachio (D:4)
  6 basilisks
  5 golden eyes (Slime:5)
  3 steam dragons
  5 fire elementals
  2 vampire mosquitoes (D:14)
  3 hungry ghosts
  A human (D:14)
  A chaos spawn (Depths:3)
  A human simulacrum (Vaults:3)
  Menkaure (D:4)
  A warg (shapeshifter) (Vaults:2)
  A naga (shapeshifter) (Depths:3)
  56 nagas
  A deep troll zombie (Vaults:3)
  2 human zombies
  A soldier ant (shapeshifter) (Vaults:5)
  6 wargs
  A swamp worm (shapeshifter) (Depths:4)
  2 acid dragons
  9 porcupines
  3 deep troll skeletons
  9 water moccasins
  57 orc warriors
  4 sky beasts
  2 hornet zombies (D:14)
  A black bear (shapeshifter) (D:12)
  3 black bears
  An eye of draining (shapeshifter) (Depths:2)
  A sky beast (shapeshifter) (Depths:3)
  26 centaurs
  3 phantoms
  6 eyes of draining
  12 boggarts
  5 ice beasts
  2 wolves (Lair:3)
  45 ogres
  14 crocodiles
  2 elf skeletons
  3 big kobolds
  26 bullfrogs
  3 earth elementals
  3 wyvern skeletons
  4 scorpions
  37 killer bees
  9 wights
  3 electric eels
  5 howler monkeys
  8 crimson imps
  A lava snake (D:12)
  2 bullfrog zombies
  15 centaur skeletons
  3 quasits
  7 centaur zombies
  2 iron imps (Depths:3)
  8 hounds
  Crazy Yiuf (D:3)
  4 jellies
  35 orc priests
  7 worker ants
  4 iguanas
  33 orc wizards
  Ijyb (D:3)
  A killer bee zombie (D:6)
  2 worker ant zombies
  Robin (D:4)
  9 gnolls
  15 adders
  A howler monkey skeleton (D:5)
  8 shadow imps
  An ufetubus (Depths:3)
  4 oozes
  5 worms
  A dart slug (D:2)
  3 leopard geckos
  149 orcs
  11 bats
  4 giant cockroaches
  12 goblins
  12 hobgoblins
  22 jackals
  24 kobolds
  2 quokkas
  A ball python (D:3)
  6 frilled lizards
  2 jackal zombies (D:5)
  2 quokka skeletons
  A quokka zombie (D:5)
  8 rats
  A bush (Elf:1)
  7 fungi
  19 plants
2750 creatures vanquished.

Vanquished Creatures (others)
  A blink frog (Lair:6)
  A slime creature (Vaults:3)
  2 ogres
  A howler monkey zombie (D:6)
  A frilled lizard (D:4)
  169 blocks of ice
  A bush (Lair:2)
  3 fungi
  10 plants
  15 toadstools (D:5)
204 creatures vanquished.

Grand Total: 2954 creatures vanquished

Notes
Turn   | Place    | Note
-------+----------+-------------------------------------------
     0 | D:1      | vurker the Naga Venom Mage began the quest for the Orb.
     0 | D:1      | Reached XP level 1. HP: 15/15 MP: 3/3
   248 | D:1      | Reached XP level 2. HP: 15/24 MP: 1/5
   990 | D:1      | Reached XP level 3. HP: 30/30 MP: 3/6
  1193 | D:1      | Reached skill level 1 in Fighting
  1474 | D:2      | Learned a level 3 spell: Mephitic Cloud
  1477 | D:2      | Learned a level 2 spell: Poisonous Vapours
  1492 | D:2      | Found an iron altar of Okawaru.
  1703 | D:2      | Found a stormy altar of Qazlal.
  1704 | D:2      | Found a blossoming altar of Fedhas.
  2120 | D:2      | Reached XP level 4. HP: 32/38 MP: 4/8
  2247 | D:2      | Found a glowing silver altar of Zin.
  2446 | D:3      | Reached skill level 1 in Air Magic
  2613 | D:3      | Reached skill level 5 in Poison Magic
  2615 | D:3      | Reached skill level 3 in Spellcasting
  2621 | D:3      | Reached skill level 1 in Conjurations
  2629 | D:3      | Reached XP level 5. HP: 40/44 MP: 1/9
  2910 | D:3      | Learned a level 4 spell: Olgreb's Toxic Radiance
  2999 | D:3      | Found a runed translucent door.
  3000 | D:3      | Noticed Crazy Yiuf
  3009 | D:3      | Killed Crazy Yiuf
  3224 | D:3      | Noticed Ijyb
  3232 | D:3      | Killed Ijyb
  3232 | D:3      | Reached XP level 6. HP: 52/52 MP: 5/11
  3391 | D:3      | Found an opulent altar of Gozag.
  3391 | D:3      | Found a shattered altar of Ashenzari.
  3393 | D:3      | Found a hide-covered altar of Uskayaw.
  3920 | D:4      | Noticed Menkaure
  4024 | D:4      | Noticed a phantom
  4058 | D:4      | Killed a phantom
  4238 | D:4      | Found Ewaeck's Distillery.
  4247 | D:4      | Bought a potion of curing for 33 gold pieces
  4247 | D:4      | Bought a potion of heal wounds for 55 gold pieces
  4247 | D:4      | Bought a potion of haste for 110 gold pieces
  4268 | D:4      | Noticed Robin
  4277 | D:4      | Killed Robin
  4332 | D:4      | Noticed Sigmund
  4344 | D:4      | Killed Sigmund
  4344 | D:4      | Reached skill level 4 in Spellcasting
  4344 | D:4      | Reached XP level 7. HP: 61/61 MP: 4/13
  4350 | D:4      | Learned a level 3 spell: Ignite Poison
  4466 | D:4      | Found a white marble altar of Elyvilon.
  4663 | D:4      | Noticed Pikel
  4670 | D:4      | Killed Pikel
  4670 | D:4      | Reached skill level 1 in Shields
  4670 | D:4      | Reached XP level 8. HP: 69/69 MP: 0/15
  4675 | D:4      | Reached skill level 5 in Spellcasting
  5284 | D:4      | Noticed Eustachio
  5292 | D:4      | Killed Eustachio
  5595 | D:4      | Killed Menkaure
  5907 | D:4      | Found Ewaeck's Distillery.
  6025 | D:4      | Found a white marble altar of Elyvilon.
  6434 | D:5      | Entered Level 5 of the Dungeon
  6635 | D:5      | Reached XP level 9. HP: 72/78 MP: 17/17
  6683 | D:5      | Found a bloodstained altar of Trog.
  6711 | D:5      | Found a snail-covered altar of Cheibriados.
  6790 | D:5      | Reached skill level 6 in Spellcasting
  6925 | D:5      | Found a sand-covered staircase.
  7011 | D:5      | Found a blossoming altar of Fedhas.
  7041 | D:5      | Noticed an oklob plant
  8312 | D:6      | Found a shadowy altar of Dithmenos.
  8454 | D:6      | Found a shimmering blue altar of Sif Muna.
  8586 | D:7      | Found a staircase to the Ecumenical Temple.
  8602 | D:7      | Reached skill level 10 in Poison Magic
  8607 | D:7      | Reached skill level 5 in Fighting
  8615 | D:6      | Reached skill level 7 in Spellcasting
  9414 | D:7      | Identified the +8 hand axe of the Present {vamp, Str+3}
  9414 | D:7      | Noticed Maggie
  9419 | D:7      | Killed Maggie
  9419 | D:7      | Reached XP level 10. HP: 90/90 MP: 8/21
  9662 | Temple   | Entered the Ecumenical Temple
  9702 | Temple   | Became a worshipper of Vehumet
  9732 | D:7      | Reached skill level 8 in Spellcasting
 10207 | D:8      | Noticed a two-headed ogre
 10212 | D:8      | Killed a two-headed ogre
 11040 | D:9      | Found a staircase to the Lair.
 11053 | D:9      | Reached * piety under Vehumet
 11053 | D:9      | Offered knowledge of Shock by Vehumet.
 11113 | D:9      | Reached skill level 9 in Spellcasting
 11372 | D:9      | Found Usau's Distillery.
 11377 | D:9      | Bought a potion of heal wounds for 65 gold pieces
 11467 | D:9      | Noticed a cyclops
 11472 | D:9      | Killed a cyclops
 11472 | D:9      | Reached skill level 5 in Shields
 12022 | D:9      | Found a sparkling altar of Nemelex Xobeh.
 12063 | D:9      | Offered knowledge of Searing Ray by Vehumet.
 12160 | D:9      | Reached ** piety under Vehumet
 12181 | D:10     | Entered Level 10 of the Dungeon
 12216 | D:10     | Reached XP level 11. HP: 87/100 MP: 17/24
 12355 | D:10     | Found Isewunus's Gadget Boutique.
 12810 | D:10     | Found a staircase to the Orcish Mines.
 12894 | D:9      | Reached skill level 10 in Spellcasting
 13420 | D:10     | Noticed a two-headed ogre
 13425 | D:10     | Killed a two-headed ogre
 13957 | D:11     | Learned a level 4 spell: Ice Form
 13966 | D:11     | Offered knowledge of Frozen Ramparts by Vehumet.
 14067 | D:11     | Reached skill level 1 in Ice Magic
 14241 | D:11     | Found Yrrut's Pet Rocks.
 14358 | D:11     | Got a heavily runed golden ring
 14359 | D:11     | Identified the ring of Nacit {rPois Str+4 Stlth+} (You
                  | found it on level 11 of the Dungeon)
 14368 | D:11     | Noticed Psyche
 14374 | D:11     | Killed Psyche
 14634 | D:11     | Reached *** piety under Vehumet
 14692 | D:11     | Noticed a cyan ugly thing
 14698 | D:11     | Killed a cyan ugly thing
 15115 | D:11     | Noticed Sonja
 15119 | D:11     | Killed Sonja
 15433 | Lair:1   | Entered Level 1 of the Lair of Beasts
 15537 | Lair:1   | Reached XP level 12. HP: 93/111 MP: 12/26
 15637 | Lair:1   | Offered knowledge of Dazzling Flash by Vehumet.
 15637 | Lair:1   | Reached skill level 11 in Spellcasting
 16201 | Lair:1   | Reached skill level 5 in Ice Magic
 17260 | Lair:2   | Noticed an eight-headed hydra
 17275 | Lair:2   | Killed a nine-headed hydra
 18057 | Lair:2   | Reached **** piety under Vehumet
 18608 | Lair:2   | Offered knowledge of Bolt of Magma by Vehumet.
 19049 | Lair:3   | Reached skill level 12 in Spellcasting
 19134 | Lair:3   | Gained mutation: You can use your snake-like lower body to
                  | constrict enemies. [Naga growth]
 19134 | Lair:3   | Reached XP level 13. HP: 85/121 MP: 21/29
 20016 | Lair:3   | Reached ***** piety under Vehumet
 20207 | Lair:3   | Offered knowledge of Fulminant Prism by Vehumet.
 20319 | Lair:3   | Found a staircase to the Snake Pit.
 20601 | Lair:3   | Found a bloodstained altar of Trog.
 22238 | Lair:4   | Found a staircase to the Shoals.
 22725 | Lair:5   | Noticed Kirke
 22733 | Lair:5   | Killed Kirke
 22733 | Lair:5   | Reached skill level 10 in Fighting
 22793 | Lair:5   | Found a runed translucent gate.
 22793 | Lair:5   | You fall into a shaft and drop 1 floor!
 22793 | Lair:6   | Entered Level 6 of the Lair of Beasts
 22880 | Lair:6   | Found a dark tunnel.
 22906 | Volcano  | Entered a volcano
 23236 | Lair:5   | Reached skill level 13 in Spellcasting
 23236 | Lair:5   | Reached XP level 14. HP: 132/132 MP: 12/31
 23415 | Lair:5   | Found a runed translucent gate.
 23416 | Lair:5   | Found a runed translucent gate.
 23417 | Lair:5   | Noticed Guutt's ghost (journeyman DrGl)
 23419 | Lair:5   | Found a viscous altar of Jiyva.
 24599 | Lair:6   | Offered knowledge of Yara's Violent Unravelling by Vehumet.
 25319 | Lair:6   | Found a staircase to the Slime Pits.
 25415 | Lair:6   | Reached skill level 10 in Ice Magic
 26682 | Lair:6   | Reached skill level 10 in Shields
 26976 | Lair:6   | Learned a level 6 spell: Ozocubu's Refrigeration
 27246 | Orc:1    | Entered Level 1 of the Orcish Mines
 27649 | Orc:1    | Offered knowledge of Spellforged Servitor by Vehumet.
 27832 | Orc:2    | Entered Level 2 of the Orcish Mines
 28103 | Orc:1    | You fall into a shaft and drop 1 floor!
 28108 | Orc:2    | Reached XP level 15. HP: 140/140 MP: 20/32
 28609 | Orc:2    | Noticed Maurice
 28615 | Orc:2    | Killed Maurice
 28619 | Orc:2    | Reached skill level 14 in Spellcasting
 29318 | Orc:2    | Found a staircase to the Elven Halls.
 29920 | Orc:2    | Found Kacsuh's Food Shoppe.
 29920 | Orc:2    | Found Vafraj's Assorted Antiques.
 29922 | Orc:2    | Found Hoisat's Book Emporium.
 29928 | Orc:2    | Found Afamaes's Assorted Antiques.
 29931 | Orc:2    | Bought a scroll of identify for 60 gold pieces
 29931 | Orc:2    | Bought a brown potion for 27 gold pieces
 29931 | Orc:2    | Bought a smoky red potion for 27 gold pieces
 29942 | Orc:2    | Bought a scroll labeled DIMOSA ZADOKK for 35 gold pieces
 30102 | Orc:2    | Identified 4 scrolls of acquirement
 30105 | Orc:2    | Got the +0 kite shield of Forking Paths {+Blink rC++ Int+4}
 30108 | Orc:2    | Found the +6 lightning scales {run, rElec}
 30110 | Orc:2    | Got the +6 lightning scales {run, rElec}
 30123 | Orc:2    | Got the amulet "Owuxodar" {MR+ Regen+ Int+4 Stlth+}
 30339 | D:12     | Noticed Rupert
 30501 | D:12     | You fall into a shaft and drop 3 floors!
 30501 | D:15     | Entered Level 15 of the Dungeon
 31123 | D:12     | Offered knowledge of Orb of Destruction by Vehumet.
 31132 | D:12     | Learned a level 7 spell: Orb of Destruction
 31155 | D:12     | Killed Rupert
 31251 | D:12     | Found Zufutah's Jewellery Shoppe.
 32379 | D:13     | Found a hazy altar of Hepliaklqana.
 33346 | D:13     | Found a roughly hewn altar of Beogh.
 33560 | D:14     | Noticed Otoukem's ghost (journeyman MiBe)
 33581 | D:14     | Offered knowledge of Irradiate by Vehumet.
 33608 | D:14     | Reached skill level 15 in Spellcasting
 33716 | D:14     | Found a runed translucent gate.
 33716 | D:14     | Found a runed translucent gate.
 33716 | D:14     | Found a runed translucent gate.
 34229 | D:14     | Reached XP level 16. HP: 152/152 MP: 27/35
 34349 | D:14     | Found a gate to the Vaults.
 35132 | D:14     | Noticed a bone dragon
 35133 | D:14     | Found the +9 sword of Zonguldrok {reap}
 35366 | D:15     | Found a staircase to the Depths.
 35925 | D:15     | Found Ocwaf's Book Shop.
 35976 | D:15     | Found a shattered altar of Ashenzari.
 36545 | D:12     | Bought a +4 ring of protection for 540 gold pieces
 36545 | D:12     | Bought an uncursed ring of protection from fire for 375
                  | gold pieces
 36736 | Shoals:1 | Entered Level 1 of the Shoals
 37162 | Shoals:1 | Reached skill level 16 in Spellcasting
 37784 | Shoals:2 | Noticed Ilsuiw
 37784 | Shoals:2 | Noticed Polyphemus
 38052 | Shoals:2 | Noticed Donald
 38208 | Shoals:2 | Killed Ilsuiw
 38432 | Shoals:2 | Found a runed translucent gate.
 38433 | Shoals:2 | Found a runed translucent gate.
 38433 | Shoals:2 | Noticed a kraken
 38433 | Shoals:2 | Noticed Coegoone's ghost (adept TeBe)
 38439 | Shoals:2 | Found Kocoo's Weapon Emporium.
 38469 | Shoals:2 | Reached ****** piety under Vehumet
 38665 | Shoals:2 | Killed Donald
 38665 | Shoals:2 | Offered knowledge of Lightning Bolt by Vehumet.
 38883 | Shoals:2 | Found a runed translucent gate.
 39091 | Shoals:3 | Reached XP level 17. HP: 141/163 MP: 32/37
 39130 | Shoals:2 | Killed Polyphemus
 39643 | Shoals:3 | Found Zusch's Magic Scroll Boutique.
 39646 | Shoals:3 | Found Jeaw's Book Shop.
 39651 | Shoals:3 | Bought a scroll of teleportation for 51 gold pieces
 39651 | Shoals:3 | Bought a scroll of teleportation for 51 gold pieces
 39677 | Shoals:3 | Found Beiruiz's General Store.
 39958 | Shoals:3 | Found Coal's Magic Scroll Shop.
 39969 | Shoals:3 | Bought a scroll of teleportation for 42 gold pieces
 39996 | Shoals:3 | Bought a scroll of fear for 49 gold pieces
 40063 | Shoals:3 | Found Korr's Jewellery Shop.
 40131 | Shoals:4 | Entered Level 4 of the Shoals
 40444 | Shoals:4 | Reached skill level 17 in Spellcasting
 41365 | Shoals:4 | Got a barnacled rune of Zot
 41560 | Snake:1  | Entered Level 1 of the Snake Pit
 41738 | Snake:1  | Found a shimmering altar of Xom.
 42713 | Snake:1  | Offered knowledge of Conjure Ball Lightning by Vehumet.
 42724 | Snake:1  | Reached XP level 18. HP: 155/175 MP: 25/39
 43060 | Snake:1  | Noticed Aizul
 43066 | Snake:1  | Killed Aizul
 43594 | Snake:1  | Reached skill level 18 in Spellcasting
 44237 | Snake:2  | Got a transparent glaive
 44297 | Snake:2  | Found Behugoop's Magic Scroll Emporium.
 44357 | Snake:2  | Bought a scroll of teleportation for 42 gold pieces
 44357 | Snake:2  | Bought a scroll of teleportation for 42 gold pieces
 44357 | Snake:2  | Bought a scroll of teleportation for 42 gold pieces
 44357 | Snake:2  | Bought a scroll of teleportation for 42 gold pieces
 46720 | Snake:4  | Entered Level 4 of the Snake Pit
 46907 | Snake:4  | Offered knowledge of Lehudib's Crystal Spear by Vehumet.
 46907 | Snake:4  | Offered knowledge of Ignition by Vehumet.
 46907 | Snake:4  | Offered knowledge of Absolute Zero by Vehumet.
 46921 | Snake:4  | Learned a level 9 spell: Absolute Zero
 46947 | Snake:4  | Noticed Bvern's ghost (adept DEWz)
 47138 | Snake:4  | Identified the ring "Tuob" {rF+ Int+3 Dex+6}
 47148 | Snake:4  | Found a runed translucent gate.
 47149 | Snake:4  | Found a runed translucent gate.
 47150 | Snake:4  | Found a runed translucent gate.
 47580 | Snake:4  | Reached XP level 19. HP: 184/184 MP: 41/41
 47582 | Snake:4  | Reached skill level 15 in Ice Magic
 48405 | Snake:4  | Reached skill level 15 in Fighting
 49040 | Snake:4  | Got a serpentine rune of Zot
 49586 | Vaults:1 | Entered Level 1 of the Vaults
 49630 | D:14     | Gained mutation: Your spells are a little easier to cast,
                  | but a little less powerful. [mutagenic glow]
 49809 | D:14     | Reached skill level 19 in Spellcasting
 49809 | D:14     | Reached skill level 5 in Conjurations
 49839 | D:14     | Lost mutation: Your spells are a little easier to cast, but
                  | a little less powerful. [potion of mutation]
 49839 | D:14     | Gained mutation: You have a pair of small antennae on your
                  | head. [potion of mutation]
 49839 | D:14     | Gained mutation: Your mind is acute. (Int +2) [potion of
                  | mutation]
 49839 | D:14     | Gained mutation: Your spells are a little easier to cast,
                  | but a little less powerful. [potion of mutation]
 49839 | D:14     | Gained mutation: You are robust. (+10% HP) [potion of
                  | mutation]
 49840 | D:14     | Lost mutation: You have a pair of small antennae on your
                  | head. [potion of mutation]
 49840 | D:14     | Lost mutation: Your spells are a little easier to cast, but
                  | a little less powerful. [potion of mutation]
 49840 | D:14     | Gained mutation: You are clumsy. (Dex -2) [potion of
                  | mutation]
 49840 | D:14     | Gained mutation: You tend to lose your temper in combat.
                  | [potion of mutation]
 49840 | D:14     | Gained mutation: You have a somewhat thin skeletal
                  | structure. (Dex +2, Stealth) [potion of mutation]
 49841 | D:14     | Lost mutation: You are clumsy. (Dex -2) [potion of
                  | mutation]
 49841 | D:14     | Lost mutation: You are robust. (+10% HP) [potion of
                  | mutation]
 49841 | D:14     | Lost mutation: You tend to lose your temper in combat.
                  | [potion of mutation]
 49841 | D:14     | Gained mutation: You are clumsy. (Dex -2) [potion of
                  | mutation]
 49841 | D:14     | Gained mutation: You expend magic power (3 MP) to
                  | strengthen your wands. [potion of mutation]
 51701 | Vaults:1 | Reached skill level 5 in Dodging
 52171 | Vaults:1 | Reached XP level 20. HP: 194/194 MP: 43/43
 52786 | Vaults:1 | Found Gegie's Weapon Emporium.
 54142 | Vaults:2 | Got a polished hunting sling
 54608 | Vaults:2 | Found a staircase to the Crypt.
 55409 | Vaults:2 | Reached skill level 20 in Spellcasting
 56388 | Vaults:3 | Found Paehibbi's Distillery.
 56396 | Vaults:3 | Bought a potion of heal wounds for 110 gold pieces
 56396 | Vaults:3 | Bought a potion of heal wounds for 110 gold pieces
 56396 | Vaults:3 | Bought a potion of haste for 220 gold pieces
 56689 | Vaults:3 | Reached XP level 21. HP: 193/202 MP: 45/45
 56776 | Vaults:3 | Found Moqapuoph's Gadget Boutique.
 57267 | Vaults:3 | Reached skill level 10 in Conjurations
 57410 | Vaults:3 | Found Kieniuha's Jewellery Boutique.
 57412 | Vaults:3 | Found Bouq's Assorted Antiques.
 57428 | Vaults:3 | Bought a shiny tower shield for 195 gold pieces
 58279 | Vaults:3 | Got a scorched scale mail
 58554 | Vaults:3 | Found Soceog's Antique Armour Shop.
 58607 | Vaults:3 | Bought a glowing robe for 125 gold pieces
 60554 | Vaults:4 | Found Ufimp's Assorted Antiques.
 60734 | Vaults:4 | Reached XP level 22. HP: 211/211 MP: 38/46
 61755 | Vaults:4 | Identified Paebuf's Volume of Supportive Curses
 61759 | Vaults:4 | Identified the Guide on Fiery Talismans
 62486 | Elf:1    | Entered Level 1 of the Elven Halls
 62797 | Elf:1    | Found Bojeurev's Armour Emporium.
 62855 | Elf:1    | Found Quero's Armour Shoppe.
 62857 | Elf:1    | Found Byqere's Antique Weapon Emporium.
 63101 | Elf:1    | Found Qujoc's Food Emporium.
 63512 | Elf:1    | Reached skill level 21 in Spellcasting
 63906 | Elf:1    | Identified the Disquisition on Attacks and Illusion
 65445 | Elf:2    | Reached XP level 23. HP: 206/218 MP: 1/48
 65953 | Elf:2    | Found a runed translucent gate.
 65953 | Elf:2    | Found a runed translucent gate.
 65954 | Elf:2    | Found a runed translucent gate.
 66056 | Elf:3    | Entered Level 3 of the Elven Halls
 66221 | Elf:3    | Noticed Asterion
 66228 | Elf:3    | Killed Asterion
 67222 | Elf:3    | Identified the amulet "Puolla" {rC+ Regen+ Slay+3}
 67637 | Elf:3    | Identified the Guide on Mutagenic Boosts
 67779 | Elf:3    | Got a polished longbow
 67807 | Elf:3    | Got a distressingly furry ring mail
 67811 | Elf:3    | Identified the +1 ring mail of Makhleb's Reproof {-Cast
                  | Regen+ Dex+4} (You found it on level 3 of the Elven Halls)
 67816 | Elf:3    | Identified Nokom's Tome of Twisted Air
 68192 | Depths:1 | Entered Level 1 of the Depths
 68898 | Depths:1 | Found Afaopp's Assorted Antiques.
 68919 | Depths:1 | Found Vaczi's Distillery.
 68931 | Depths:1 | Bought a potion of heal wounds for 70 gold pieces
 68933 | Depths:1 | Found a basalt altar of Yredelemnul.
 68934 | Depths:1 | Found a one-way gate leading to the halls of Pandemonium.
 69366 | Depths:1 | Reached XP level 24. HP: 226/226 MP: 11/48
 70103 | Depths:1 | Found a gateway to Hell.
 70139 | Depths:1 | Found the +12 Vampire's Tooth {vamp}
 70167 | Depths:1 | Found a portal to a secret trove of treasure.
 70191 | Depths:1 | Found a one-way gate to the infinite horrors of the Abyss.
 70487 | Depths:2 | Found a gateway to a ziggurat.
 70585 | Depths:2 | Reached skill level 22 in Spellcasting
 70687 | Depths:2 | Noticed a caustic shrike
 70693 | Depths:2 | Killed a caustic shrike
 70800 | Depths:2 | Got a brightly glowing whip
 71600 | Depths:2 | Identified the +8 rapier "Grim" {vorpal, rPois rC+ Str+4}
 71671 | Depths:2 | Noticed a caustic shrike
 71675 | Depths:2 | Killed a caustic shrike
 71684 | Depths:2 | Noticed an ancient lich
 71725 | Depths:2 | Killed an ancient lich
 72319 | Depths:2 | Got a warped mace
 72320 | Depths:2 | Identified the +7 mace of Temperance {flame, Str+3} (You
                  | found it on level 2 of the Depths)
 72407 | Depths:3 | Reached XP level 25. HP: 241/241 MP: 47/49
 72408 | Depths:3 | Reached skill level 5 in Stealth
 74999 | Depths:4 | Found a runed translucent gate.
 74999 | Depths:4 | Found a runed translucent gate.
 74999 | Depths:4 | Found a runed translucent gate.
 75000 | Depths:4 | Reached skill level 23 in Spellcasting
 75148 | Depths:4 | Noticed Dolesog's ghost (veteran MiBe)
 75381 | Depths:4 | Found Nos Tinoteq's Antique Weapon Shop.
 75642 | Depths:4 | Reached skill level 10 in Stealth
 76123 | Depths:4 | Reached XP level 26. HP: 255/255 MP: 50/50
 76309 | Depths:4 | Found the +7 sceptre of Torment {pain, torment}
 76466 | Depths:4 | Identified the Almanac of the Immovable Emperors
 76477 | Depths:4 | Got a brightly glowing long sword
 76698 | Depths:5 | Entered Level 5 of the Depths
 77066 | Depths:5 | Found a gate to the Realm of Zot.
 77352 | Depths:5 | Found a magical portal.
 78476 | Depths:5 | Got a scintillating bone amulet
 78477 | Depths:5 | Identified the +8 long sword of the Modern Knives {protect,
                  | Str-5 Int+3 SInv Stlth+} (You found it on level 4 of the
                  | Depths)
 78481 | Depths:5 | Identified the amulet "Roeghoan" {RegenMP rElec rPois rF-
                  | Slay+5} (You found it on level 5 of the Depths)
 79330 | Slime:1  | Entered Level 1 of the Pits of Slime
 79458 | Slime:2  | Found a viscous altar of Jiyva.
 79555 | Slime:5  | Entered Level 5 of the Pits of Slime
 79780 | Slime:5  | Noticed the Royal Jelly
 79871 | Slime:5  | Found a viscous altar of Jiyva.
 79873 | Slime:5  | Killed the Royal Jelly
 79877 | Slime:5  | Reached XP level 27. HP: 259/271 MP: 50/50
 80084 | Slime:5  | Gained mutation: You are frail. (-10% HP) [a shining eye]
 80154 | Slime:5  | Identified the Reference Book on Boosts and Intoxication
 80170 | Slime:5  | Got a crude morningstar
 80177 | Slime:5  | Got a slimy rune of Zot
 80214 | Slime:5  | Got a warped ruby amulet
 80215 | Slime:5  | Identified the amulet of Jehix {Inacc rPois rF+ Str+3} (You
                  | found it on level 5 of the Pits of Slime)
 80322 | Lair:6   | Lost mutation: Your mind is acute. (Int +2) [potion of
                  | mutation]
 80322 | Lair:6   | Lost mutation: You are frail. (-10% HP) [potion of
                  | mutation]
 80322 | Lair:6   | Gained mutation: Your muscles are strong. (Str +2) [potion
                  | of mutation]
 80322 | Lair:6   | Gained mutation: You possess an exceptional clarity of
                  | mind. [potion of mutation]
 80730 | Vaults:5 | Entered Level 5 of the Vaults
 80730 | Vaults:5 | Noticed Saint Roka
 80733 | Vaults:5 | Reached skill level 10 in Dodging
 80735 | Vaults:5 | Killed Saint Roka
 81223 | Vaults:5 | Identified the ring of the Equinox {rF+++ rC+ rCorr Str-4
                  | Dex-5}
 81784 | Vaults:5 | Reached skill level 24 in Spellcasting
 81815 | Vaults:5 | Noticed an ancient lich
 81816 | Vaults:5 | Killed an ancient lich
 81977 | Vaults:5 | Identified the ring of Huatucw {MR+ Int-5 Slay+6}
 82461 | Vaults:5 | Got a silver rune of Zot
 83337 | Vaults:5 | Noticed Xtahua
 83339 | Vaults:5 | Killed Xtahua
 83574 | Vaults:5 | Identified the +11 plate armour "Wanauteti" {Str+2 Int+2
                  | Dex+4}
 83634 | Vaults:5 | Found Lacemad's Weapon Emporium.
 83679 | Vaults:5 | Got a crystal long sword
 83680 | Vaults:5 | Identified the +2 long sword "Ocwatzy" {flame, rElec rN++
                  | Int+5} (You found it on level 5 of the Vaults)
 83682 | Vaults:5 | Identified the Compendium of Self-Improvement and Stolen
                  | Souls
 83686 | Vaults:5 | Identified the Almanac of Displacement and Transmigration
 84142 | Vaults:5 | Found Bolulaen's Weapon Shoppe.
 84421 | Vaults:5 | Reached skill level 15 in Stealth
 85532 | Zot:1    | Entered Level 1 of the Realm of Zot
 85821 | Zot:1    | Reached skill level 1 in Armour
 86991 | Zot:1    | Identified the Reference Book on Unholy Secrets
 86996 | Zot:1    | Learned a level 2 spell: Sublimation of Blood
 88159 | Zot:2    | You fall into a shaft and drop 2 floors!
 88544 | Zot:3    | Reached skill level 25 in Spellcasting
 89362 | Zot:2    | Reached skill level 5 in Armour
 89574 | Zot:3    | Noticed an orb of fire
 89576 | Zot:3    | Killed an orb of fire
 91102 | Zot:4    | Found a shimmering altar of Xom.
 91523 | Zot:5    | Entered Level 5 of the Realm of Zot
 92193 | Zot:5    | Noticed an ancient lich
 92217 | Zot:5    | Killed an ancient lich
 92501 | Zot:5    | Noticed an orb of fire
 92502 | Zot:5    | Noticed an ancient lich
 92505 | Zot:5    | Noticed an orb of fire
 92506 | Zot:5    | Killed an orb of fire
 92519 | Zot:5    | HP: 3/285 [Orb Guardian (57)]
 92520 | Zot:5    | Annihilated by an Orb Guardian

Illustrated notes

Levels and vault maps discovered:
D:1:      evilmike_arrival_crescent, layout_loops_cross, minmay_ruptured
D:2:      layout_basic, zin_scriptorium, okawaru_metal_pillars_1_2,
          grunt_temple_overflow_forces_of_nature
D:3:      minmay_angry_zag, layout_loops_ring,
          gammafunk_temple_overflow_forgotten, minmay_box_of_dots, uniq_ijyb,
          uniq_crazy_yiuf_cottage
D:4:      layout_loops_corners, elyvilon_altar_3, serial_shops, shop_coins,
          first_ration, uniq_sigmund, uniq_menkaure, uniq_robin, uniq_eustachio,
          uniq_pikel
D:5:      layout_loops_corners, overflow_temple_1_default, marbit_many_paths,
          nicolae_ossuary_entry_monument, tgw_fedhas
D:6:      layout_loops_ring, led_sif_pool, lemuel_crystal_altar
D:7:      layout_basic, minmay_temple_entry_crystal_x, minmay_circle_x,
          uniq_maggie
D:8:      layout_cave_pools
D:9:      layout_loops_ring, kennysheep_mini_moat, lair_entry_dummy,
          serial_shops, shop
D:10:     layout_small_grid, orc_0_dummy, serial_shops, shop
D:11:     layout_long_grid, grunt_ogre_cave, guppyfry_shop_earth, uniq_sonja,
          uniq_psyche
D:12:     layout_roguey, serial_shops, nicolae_shop_statue_plus,
          kennysheep_dice, uniq_rupert
D:13:     layout_roguey [special_room_orc], basic_altar
D:14:     layout_roguey, grunt_vaults_entry_fortified, skrybe_limestone_x,
          maelrawn_ghost_gauntlet_escape, drop_trap,
          chequers_serial_rivers_small_a, minmay_guarded_unrand_zonguldrok
D:15:     grunt_enter_depths_snipers, layout_loops_ring, serial_shops, shop,
          ashenzari_altar_1
Temple:   chequers_temple_sunken
Lair:1:   layout_gridlike, st_stairs_9
Lair:2:   layout_roguey, nzn_random_ring, serial_bayou_shore_a
Lair:3:   regret_index_harrowing_hell_hive, layout_regular_city,
          minmay_snake_entry_guardpost_medium, serial_forest,
          infiniplex_forest_end_2, infiniplex_forest_straight_1,
          infiniplex_forest_clump_tiny, infiniplex_forest_zigzag_1,
          infiniplex_forest_clump_small, infiniplex_forest_lined_room_2,
          infiniplex_forest_straight_2, basic_altar
Lair:4:   layout_cave_pods, elwin_shoals_entry_rooms,
          chequers_serial_rivers_micro_c
Lair:5:   layout_long_grid, gammafunk_ghost_ooze, lemuel_fruit_tree,
          minmay_lair_oklob_chamber, uniq_kirke
Lair:6:   evilmike_catoblepas_cave, layout_gridlike,
          nicolae_slime_entry_slimehenge, serial_rivers,
          chequers_serial_rivers_micro_c, chequers_serial_rivers_marsh,
          chequers_serial_rivers_micro_e, chequers_serial_rivers_micro_d,
          chequers_serial_rivers_small_a, chequers_serial_rivers_small_b,
          enter_volcano_1
Shoals:1: layout_shoals
Shoals:2: layout_shoals, serial_shops, shop, ebering_ghost_davey_jones,
          uniq_ilsuiw, uniq_donald, uniq_polyphemus
Shoals:3: layout_shoals, serial_shops, shop, nicolae_shop_trees, shop, shop,
          shop_scrolls
Shoals:4: shoals_end_hangedman, layout_shoals, nicolae_shoals_isolated_beach,
          uniq_roxanne
Snake:1:  layout_layer_cave, basic_altar, uniq_aizul
Snake:2:  layout_layer_cave, serial_shops, nicolae_shop_stone
Snake:3:  layout_cave_town
Snake:4:  grunt_snake_rune_pools, layout_onion, gammafunk_ghost_split,
          grunt_ministairs_6
Slime:1:  layout_caves
Slime:2:  layout_caves, basic_altar
Slime:3:  layout_caves
Slime:4:  cheibrodos_slime_lost_civilization_9, layout_caves
Slime:5
Orc:1:    cheibrodos_orc_arena, layout_caves
Orc:2:    st_orc_mages, layout_diamond_mine, uniq_maurice
Elf:1:    layout_geoelf_octagon, serial_shops, nicolae_shop_stone,
          minmay_elf_sorcery, evilmike_ambush [evilmike_ambush_outer_basic,
          evilmike_ambush_inner_wall_1], grunt_megastairs_4, minmay_shop_star
Elf:2:    layout_onion_city
Elf:3:    grunt_elf_hall_branching, layout_loops_cross, uniq_asterion
Vaults:1: ontoclasm_vaults_ring_large, v_misc_13,
          nicolae_vaults_little_squares_1, vaults_room_door_ring,
          nicolae_vaults_ninety_degrees, nicolae_vaults_three_branches,
          vaults_room_ringed_pool, v_alt_pattern_5, v_misc_11,
          nicolae_vaults_big_ls, vaults_dpeg_encased_lava, v_misc_8,
          ontoclasm_vaults_ring_large, hangedman_vaults_nails,
          nicolae_vaults_specimen_jars, layout_vaults_ring, serial_shops,
          nicolae_shop_trees
Vaults:2: nicolae_vaults_sealed_display, st_lattice, hangedman_vaults_cutoff,
          grunt_vaults_funnel, vaults_room_stairs_pillars,
          hangedman_vaults_restitches, nicolae_vaults_little_squares_3,
          ontoclasm_vaults_loading_screen, layout_vaults_omnigrid
Vaults:3: grunt_vaults_swirl, nicolae_vaults_circle_grid_b, v_misc_28,
          nicolae_vaults_stairing_the_circle, v_pattern_1,
          ontoclasm_vaults_claustrophobia, nicolae_vaults_what_the_h,
          hangedman_vaults_stretched_pinwheel, layout_vaults_big_cross,
          serial_shops, shop, nicolae_shop_trees, shop_statue,
          nicolae_shop_crystal, nicolae_shop_stone
Vaults:4: nicolae_vaults_border_crossing, v_misc_18,
          nicolae_vaults_yaktaur_gun_rack, vaults_standard_mumra_x,
          hangedman_vaults_unwind, v_misc_28, vaults_room_large_hall,
          vaults_room_hangedman_quadrants, ontoclasm_vaults_hangar,
          grunt_vaults_hallway_long, ontoclasm_vaults_idyll,
          layout_vaults_big_room, serial_shops, nicolae_shop_crystal
Vaults:5: serial_shops, uniq_xtahua, uniq_saint_roka
Depths:1: layout_big_octagon, pf_dread_powers_of_hell, lemuel_crystal_altar,
          pan_entry, abyss_entry_small_statue_room, enter_trove_6,
          hangedman_abyss_or_decor_stabs, nrook_mini_backslash,
          minmay_guarded_unrand_vampires_tooth, minmay_shoptagon
Depths:2: hangedman_pleasuredromes, hell_entry
Depths:3: kennysheep_green_arena, layout_gridlike,
          hangedman_abyss_or_decor_lesser_grid, grunt_pan_entry_zigzag,
          hell_entry, evilmike_ambush [evilmike_ambush_outer_pillars,
          evilmike_ambush_inner_pond]
Depths:4: kennysheep_water_balloons, layout_cave_pools, gammafunk_ghost_split,
          abyss_entry, minmay_misc_feat_rows, serial_shops,
          nicolae_shop_waterfront, grunt_metal_band, minmay_misc_feat_x,
          grunt_ministairs_8
Depths:5: grunt_zot_entry_funnels, layout_basic, mu_enter_wizlab_5, hell_entry
Zot:1:    layout_onion_interference
Zot:2:    layout_twisted_circle
Zot:3:    layout_gridlike, zot_minivault_3
Zot:4:    nicolae_zot_draconian_monastery, layout_twisted_circle
Zot:5:    layout_basic

Skill      XL: |  1  2  3  4  5  6  7  8  9 10 11 12 13 14 15 16 17 18 19 20 21 22 23 24 25 26 27 |
---------------+----------------------------------------------------------------------------------+-----
Fighting       | 1 2 3 4 5 7 8 9 10 12 13 14 15 17 18 20 24 | 24.1
Air Magic      | 1 2 |  2.0
Poison Magic   | 5 6 7 9 10 | 10.0
Spellcasting   | 3 4 5 7 9 10 12 13 15 16 17 18 19 20 21 22 23 25 | 25.5
Conjurations   | 1 2 3 6 9 12 13 | 13.0
Shields        | 1 2 3 5 6 7 8 10 | 10.5
Fire Magic     | 2 |  2.0
Ice Magic      | 3 7 9 10 11 13 14 15 16 18 19 21 22 | 22.0
Dodging        | 3 5 7 9 11 | 11.7
Stealth        | 4 10 18 | 18.2
Armour         | 6 |  6.4
Transmutations | |  1.0

Action                   |  1- 3 |  4- 6 |  7- 9 | 10-12 | 13-15 | 16-18 | 19-21 | 22-24 | 25-27 || total
-------------------------+-------+-------+-------+-------+-------+-------+-------+-------+-------++-------
Melee: Unarmed           |    24 |       |       |       |       |       |       |       |       ||    24
       Whip              |    14 |     8 |       |       |       |       |       |       |       ||    22
       Mace              |       |    28 |       |       |       |       |       |       |       ||    28
       Quarterstaff      |       |    71 |   182 |   143 |       |       |       |       |       ||   396
       Scimitar          |       |       |       |    31 |       |       |       |       |       ||    31
       Short sword       |       |       |       |    37 |   242 |   105 |    92 |     7 |       ||   483
       Constrict         |       |       |       |       |    61 |    21 |     3 |     4 |     2 ||    91
       Staff             |       |       |       |       |       |     6 |     6 |     4 |     4 ||    20
 Cast: Sting             |    69 |    87 |    15 |       |     2 |       |       |       |       ||   173
       Poisonous Vapours |       |     5 |    41 |   282 |   440 |   170 |       |       |       ||   938
       Mephitic Cloud    |       |     1 |    12 |    50 |    62 |    15 |       |       |       ||   140
       Ignite Poison     |       |       |    11 |    64 |   136 |    81 |       |       |       ||   292
       Olgreb's Toxic Ra |       |       |       |    32 |   175 |    62 |       |       |       ||   269
       Ozocubu's Refrige |       |       |       |       |    23 |   293 |   526 |   516 |   830 ||  2188
       Orb of Destructio |       |       |       |       |       |       |    66 |    28 |    21 ||   115
       Absolute Zero     |       |       |       |       |       |       |     6 |    30 |   137 ||   173
 Abil: Spit Poison       |     1 |     1 |       |       |       |       |       |       |       ||     2
Evoke: Wand              |       |       |       |       |    13 |     3 |     1 |     4 |     2 ||    23
  Use: Scroll            |       |     1 |     5 |     9 |    20 |     9 |     5 |     9 |    23 ||    81
       Potion            |       |       |       |       |     2 |       |     3 |       |     6 ||    11
 Stab: Sleeping          |       |     1 |     6 |       |     2 |     1 |       |       |       ||    10
       Paralysed         |       |       |     2 |       |       |       |       |       |       ||     2
       Confused          |       |       |       |       |     1 |       |       |       |       ||     1
  Eat: Chunk             |     3 |     6 |    11 |    23 |    32 |    29 |    32 |    24 |    30 ||   190
       Ration            |       |       |     1 |     1 |     2 |     3 |     1 |     3 |    11 ||    22
Armor: Robe              |    24 |    64 |    24 |    49 |       |       |       |       |    53 ||   214
       Leather armour    |       |       |    99 |   105 |   196 |   126 |   119 |    23 |    41 ||   709
Dodge: Dodged            |    50 |    68 |    76 |    80 |    79 |    65 |    70 |    29 |    70 ||   587
       Repelled          |       |    15 |     5 |     7 |    10 |    34 |    23 |    14 |     4 ||   112
Block: Other             |       |    42 |    65 |    52 |       |       |       |       |       ||   159
       Reflection        |       |     1 |     2 |     9 |     9 |       |       |       |       ||    21
       Tower shield      |       |       |       |   133 |   346 |       |       |       |       ||   479
       Kite shield       |       |       |       |       |    83 |   173 |   116 |    43 |    82 ||   497
       Rpst.: Scimitar   |       |       |       |     2 |       |       |       |       |       ||     2

Table legend:
 A = Non-vault XP
 B = Vault XP
 C = Vault XP percentage of total XP
 D = Non-vault monster count
 E = Vault monster count
 F = Vault count percentage of total count
                 A         B        C        D         E       F
            +---------+---------+-------+---------+---------+-------
      Total | 1056281 |  752604 |  41.6 |    1830 |     876 |  32.4
            +---------+---------+-------+---------+---------+-------
        D:1 |      43 |       4 |   8.5 |      27 |       3 |  10.0
        D:2 |      41 |       0 |   0.0 |      12 |       0 |   0.0
        D:3 |     234 |     100 |  29.9 |      41 |      10 |  19.6
        D:4 |     435 |    1250 |  74.2 |      17 |      15 |  46.9
        D:5 |     494 |      34 |   6.4 |      20 |       1 |   4.8
        D:6 |     834 |       0 |   0.0 |      22 |       0 |   0.0
        D:7 |    1312 |     499 |  27.6 |      20 |       2 |   9.1
        D:8 |    1669 |       0 |   0.0 |      25 |       0 |   0.0
        D:9 |    2441 |       0 |   0.0 |      45 |       0 |   0.0
       D:10 |    3269 |       0 |   0.0 |      26 |       0 |   0.0
       D:11 |    3294 |    1542 |  31.9 |      40 |       4 |   9.1
       D:12 |    5451 |    3283 |  37.6 |      31 |       3 |   8.8
       D:13 |    5050 |    1499 |  22.9 |      36 |      27 |  42.9
       D:14 |   15209 |   15519 |  50.5 |      40 |      31 |  43.7
       D:15 |    9121 |    2302 |  20.2 |      29 |       3 |   9.4
     Lair:1 |    5571 |      93 |   1.6 |      25 |       1 |   3.8
     Lair:2 |    2962 |    2231 |  43.0 |      11 |      11 |  50.0
     Lair:3 |    5304 |    6421 |  54.8 |      21 |      52 |  71.2
     Lair:4 |    6360 |     466 |   6.8 |      20 |       1 |   4.8
     Lair:5 |    8537 |    3165 |  27.0 |      30 |       7 |  18.9
     Lair:6 |   10930 |   10904 |  49.9 |      34 |      26 |  43.3
   Shoals:1 |   11322 |       0 |   0.0 |      25 |       0 |   0.0
   Shoals:2 |    4082 |   13067 |  76.2 |       8 |      12 |  60.0
   Shoals:3 |   13963 |       0 |   0.0 |      33 |       0 |   0.0
   Shoals:4 |    8419 |   17933 |  68.1 |      22 |      28 |  56.0
    Snake:1 |   35136 |    1603 |   4.4 |      61 |       1 |   1.6
    Snake:2 |   10702 |       0 |   0.0 |      18 |       0 |   0.0
    Snake:3 |   20142 |       0 |   0.0 |      32 |       0 |   0.0
    Snake:4 |   22427 |   39658 |  63.9 |      40 |      63 |  61.2
    Slime:1 |    5142 |       0 |   0.0 |      12 |       0 |   0.0
    Slime:2 |    2851 |       0 |   0.0 |       4 |       0 |   0.0
    Slime:3 |    4560 |       0 |   0.0 |      12 |       0 |   0.0
    Slime:4 |     546 |       0 |   0.0 |       2 |       0 |   0.0
    Slime:5 |   21369 |   34928 |  62.0 |      18 |      15 |  45.5
      Orc:1 |    2224 |    2052 |  48.0 |      22 |      16 |  42.1
      Orc:2 |    3941 |    6250 |  61.3 |      36 |      43 |  54.4
      Elf:1 |   31015 |   22277 |  41.8 |      47 |      34 |  42.0
      Elf:2 |   28548 |    1799 |   5.9 |      46 |       2 |   4.2
      Elf:3 |   20670 |   43901 |  68.0 |      30 |      29 |  49.2
   Vaults:1 |   37445 |   19481 |  34.2 |      71 |      33 |  31.7
   Vaults:2 |   48646 |   21030 |  30.2 |      69 |      28 |  28.9
   Vaults:3 |   41292 |   21560 |  34.3 |      69 |      33 |  32.4
   Vaults:4 |   64194 |   26688 |  29.4 |      97 |      27 |  21.8
   Vaults:5 |   57506 |  143204 |  71.3 |      73 |     105 |  59.0
   Depths:1 |   59606 |    9934 |  14.3 |      86 |      10 |  10.4
   Depths:2 |    1129 |  113229 |  99.0 |       4 |      92 |  95.8
   Depths:3 |   57016 |   48202 |  45.8 |      68 |      50 |  42.4
   Depths:4 |   36190 |   18689 |  34.1 |      41 |      16 |  28.1
   Depths:5 |   65079 |   24572 |  27.4 |      61 |      16 |  20.8
      Zot:1 |   73009 |       0 |   0.0 |      49 |       0 |   0.0
      Zot:2 |   66786 |       0 |   0.0 |      41 |       0 |   0.0
      Zot:3 |   46619 |   22146 |  32.2 |      24 |      12 |  33.3
      Zot:4 |   47279 |    3579 |   7.0 |      25 |       2 |   7.4
      Zot:5 |   18865 |   47510 |  71.6 |      12 |      12 |  50.0
            +---------+---------+-------+---------+---------+-------
